 Dungeon Sprint DCSS version 0.23.3-3-gaaff5abdbf (webtiles) character file.

Game seed: 16016052653144030573

41 MordorOrchid the Magician (level 3, -5/40 HPs)
             Began as a Gnoll Wanderer on July 7, 2020.
             Slain by a sky beast (6 damage)
             ... in the Dungeon (Sprint IX: "|||||||||||||||||||||||||||||").
             The game lasted 00:02:19 (94 turns).

MordorOrchid the Magician (Gnoll Wanderer)            Turns: 94, Time: 00:02:20

Health: -5/40      AC:  2    Str: 21    XL:     3   Next: 52%
Magic:  1/11       EV: 12    Int: 14    God:
Gold:   0          SH:  0    Dex: 13    Spells: 15/16 levels left

rFire    . . .     SeeInvis .   b - +0 whip
rCold    . . .     Gourm    .   (no shield)
rNeg     . . .     Faith    .   d - +0 robe
rPois    .         Spirit   .   (no helmet)
rElec    .         Reflect  .   (no cloak)
rCorr    .         Harm     .   (no gloves)
MR       .....     NoTele   +   (no boots)
Stlth    ..........             (no amulet)
HPRegen  0.13/turn              (no ring)
MPRegen  0.12/turn              (no ring)

@: berserking, lethally poisoned (-5 -> -7), hasted, very quick
A: distributed training, fangs 1, strong nose
a: no special abilities


You were in the Dungeon.
You were not hungry.

You visited 1 branch

Inventory:

Hand Weapons
 b - a +0 whip (weapon)
Armour
 d - a +0 robe (worn)
Scrolls
 c - a scroll of teleportation
 l - a scroll of blinking
Potions
 g - a potion of curing
 h - a potion of heal wounds
 j - 2 potions of magic
Comestibles
 f - a ration


   Skills:
 + Level 2.0 Fighting
 + Level 2.0 Short Blades
 + Level 2.0 Long Blades
 + Level 2.0 Axes
 + Level 2.0 Maces & Flails
 + Level 2.0 Polearms
 + Level 2.0 Staves
 + Level 2.0 Slings
 + Level 2.0 Bows
 + Level 2.0 Crossbows
 + Level 2.0 Throwing
 + Level 2.0 Armour
 + Level 2.0 Dodging
 + Level 2.0 Stealth
 + Level 2.0 Shields
 + Level 2.0 Unarmed Combat
 + Level 7.4 Spellcasting
 + Level 4.1 Conjurations
 + Level 1.6 Hexes
 + Level 1.6 Charms
 + Level 5.7 Summonings
 + Level 1.6 Necromancy
 + Level 1.6 Translocations
 + Level 1.6 Transmutations
 + Level 1.6 Fire Magic
 + Level 1.6 Ice Magic
 + Level 1.6 Air Magic
 + Level 1.6 Earth Magic
 + Level 1.6 Poison Magic
 + Level 2.2 Invocations
 + Level 5.0 Evocations


You had 15 spell levels left.
You knew the following spells:

 Your Spells              Type           Power        Failure   Level  Hunger
a - Magic Dart            Conj           ###.         2%          1    None

Your spell library contained the following spells:

 Spells                   Type           Power        Failure   Level  Hunger
 Call Imp                 Summ           ###.....     1%          2    None
 Sandblast                Erth           #.....       7%          1    None
 Blink                    Tloc           N/A          11%         2    None
 Slow                     Hex            #.......     11%         2    None
 Conjure Flame            Conj/Fire      ##......     12%         3    ##.....
 Stone Arrow              Conj/Erth      ##....       12%         3    ##.....
 Mephitic Cloud           Conj/Pois/Air  ##......     14%         3    ##.....


Dungeon Overview and Level Annotations

Branches:
Dungeon (1/1)

Altars:


Innate Abilities, Weirdness & Mutations

Your experience applies equally to all skills.
You have very sharp teeth.
Your uncanny sense of smell can sniff out nearby items.


Message History

* * * LOW HITPOINT WARNING * * *
There is an open door to the Dungeon, spattered with blood here.
Items here: ) ††† a +0 club; a rat corpse; a frilled lizard corpse; a kobold corpse You barely miss the sky beast.
You bite the sky beast!
The sky beast is moderately wounded.
You feel sick.
Unknown command.
You barely miss the sky beast.
The sky beast is moderately wounded.
The sky beast hits you.
* * * LOW HITPOINT WARNING * * *
The sky beast shocks you.
* * * LOW HITPOINT WARNING * * *
You closely miss the sky beast. You bite the sky beast!
The sky beast is heavily wounded.
The sky beast hits you.
* * * LOW HITPOINT WARNING * * *
The sky beast shocks you.
You die...

▓▓▓
▓<▓
▓.▓
▓.▓
▓(▓
▓@▓
▓Y▓
▓.▓
▓.▓
∆
▓.▓
∆
▓.▓
∆
▓)▓
∆
▓.▓
∆
▓.▓


You could see a sky beast.

Vanquished Creatures
  A worker ant (D)
  An adder (D)
  An orc (D)
  A bat (D)
  A giant cockroach (D)
  A kobold (D)
  A frilled lizard (D)
  A jackal skeleton (D)
  A rat (D)
9 creatures vanquished.

Notes
Turn   | Place    | Note
-------+----------+-------------------------------------------
     0 | D        | MordorOrchid the Gnoll Wanderer began the quest for the
                  | Orb.
     0 | D        | MordorOrchid set off with the following items: a +0 club, a
                  | scroll of teleportation, a +0 robe, a ration, a potion of
                  | curing, a potion of heal wounds, a potion of haste, 2
                  | potions of magic, a potion of berserk rage, a scroll of
                  | blinking; and the following spells available to memorise:
                  | Call Imp, Magic Dart, Sandblast, Blink, Slow, Conjure
                  | Flame, Stone Arrow, Mephitic Cloud
     0 | D        | Reached XP level 1. HP: 13/13 MP: 8/8
     2 | D        | Learned a level 1 spell: Magic Dart
    15 | D        | Reached skill level 1 in Invocations
    65 | D        | Noticed a worker ant
    65 | D        | Noticed a sky beast
    69 | D        | Reached skill level 1 in Fighting
    69 | D        | Reached skill level 1 in Short Blades
    69 | D        | Reached skill level 1 in Long Blades
    69 | D        | Reached skill level 1 in Axes
    69 | D        | Reached skill level 1 in Maces & Flails
    69 | D        | Reached skill level 1 in Polearms
    69 | D        | Reached skill level 1 in Staves
    69 | D        | Reached skill level 1 in Slings
    69 | D        | Reached skill level 1 in Bows
    69 | D        | Reached skill level 1 in Crossbows
    69 | D        | Reached skill level 1 in Throwing
    69 | D        | Reached skill level 1 in Armour
    69 | D        | Reached skill level 1 in Dodging
    69 | D        | Reached skill level 1 in Stealth
    69 | D        | Reached skill level 1 in Shields
    69 | D        | Reached skill level 1 in Unarmed Combat
    71 | D        | Reached XP level 2. HP: 21/21 MP: 7/10
    85 | D        | Reached skill level 1 in Hexes
    85 | D        | Reached skill level 1 in Charms
    85 | D        | Reached skill level 1 in Necromancy
    85 | D        | Reached skill level 1 in Translocations
    85 | D        | Reached skill level 1 in Transmutations
    85 | D        | Reached skill level 1 in Fire Magic
    85 | D        | Reached skill level 1 in Ice Magic
    85 | D        | Reached skill level 1 in Air Magic
    85 | D        | Reached skill level 1 in Earth Magic
    85 | D        | Reached skill level 1 in Poison Magic
    85 | D        | Reached XP level 3. HP: 14/27 MP: 0/11
    90 | D        | Reached skill level 5 in Evocations
    94 | D        | HP: 1/40 [sky beast (2)]
    94 | D        | Slain by a sky beast

Skill      XL: |  1  2  3 |
---------------+----------+-----
Invocations    | 1 2 |  2.2
Fighting       | 1 2 |  2.0
Short Blades   | 1 2 |  2.0
Long Blades    | 1 2 |  2.0
Axes           | 1 2 |  2.0
Maces & Flails | 1 2 |  2.0
Polearms       | 1 2 |  2.0
Staves         | 1 2 |  2.0
Slings         | 1 2 |  2.0
Bows           | 1 2 |  2.0
Crossbows      | 1 2 |  2.0
Throwing       | 1 2 |  2.0
Armour         | 1 2 |  2.0
Dodging        | 1 2 |  2.0
Stealth        | 1 2 |  2.0
Shields        | 1 2 |  2.0
Unarmed Combat | 1 2 |  2.0
Conjurations   | 4 |  4.1
Hexes          | 1 |  1.6
Charms         | 1 |  1.6
Necromancy     | 1 |  1.6
Translocations | 1 |  1.6
Transmutations | 1 |  1.6
Fire Magic     | 1 |  1.6
Ice Magic      | 1 |  1.6
Air Magic      | 1 |  1.6
Earth Magic    | 1 |  1.6
Poison Magic   | 1 |  1.6
Evocations     | 5 |  5.0
Spellcasting   | |  7.4
Summonings     | |  5.7

Action                   || total
-------------------------++-------
Melee: Whip              ||    11
       Club              ||     3
       Bite              ||     3
 Cast: Magic Dart        ||    17
  Use: Potion            ||     2
Armor: Robe              ||     6
Dodge: Dodged            ||     9
